 Dungeon Crawl Stone Soup version 0.30-a0-55-g90e3122c3a (webtiles) character file.

Game seed: 597056173124948232

215080 Newt the Slicer (level 18, -25/146 HPs)
             Began as a Demonspawn Gladiator on Sept 9, 2022.
             Was the Champion of Makhleb.
             Killed from afar by an acid blob (30 damage)
             ... with a splash of acid
             ... on level 5 of the Pits of Slime.
             The game lasted 01:11:20 (46366 turns).

Newt the Slicer (Demonspawn Gladiator)             Turns: 46366, Time: 01:11:21

Health: -25/146    AC: 14    Str: 16    XL:     18   Next: 32%
Magic:  14/25      EV: 15    Int:  8    God:    Makhleb [******]
Gold:   1488       SH: 26    Dex: 27    Spells: 17/17 levels left

rFire   . . .      SeeInvis .    Q - +6 quick blade (freeze)
rCold   + . .      Faith    .    G - +1 tower shield {AC+3}
rNeg    . . .      Spirit   .    E - +6 scale mail of Sionulie {Dex+2}
rPois   +          Reflect  +    (helmet unavailable)
rElec   +          Harm     .    C - +2 cloak of Indomitability {Rampage Will+}
rCorr   .          Rampage  +    M - +2 pair of gloves {infuse}
Will    +++..                    z - +0 pair of boots
Stlth   +++.......               l - amulet of reflection
HPRegen 0.34/turn                b - +4 ring of slaying
MPRegen 0.19/turn                D - ring of poison resistance

@: corroded
A: horns 3, icy blue scales 3, demonic guardian 3, ignite blood 1, agile 1, low
MP 1, strong-willed 1, electricity resistance, subdued magic 1
}: 1/15 runes: serpentine
a: Renounce Religion, Minor Destruction, Lesser Servant of Makhleb, Major
Destruction, Greater Servant of Makhleb


You were on level 5 of the Pits of Slime.
You worshipped Makhleb.
Makhleb was exalted by your worship.
You visited 5 branches of the dungeon, and saw 29 of its levels.
You also visited: Bailey and Gauntlet.

You collected 2078 gold pieces.
You spent 590 gold pieces at shops.

Inventory:

Hand Weapons
 F - the +10 scimitar of Osiosef {speed, rCorr Dex+2}
   (You found it in a Gauntlet)

   Attacks with this weapon are significantly faster.
   Dex:       It affects your dexterity (+2).
   rCorr:     It protects you from acid and corrosion.
 Q - a +6 quick blade of freezing (weapon)
Missiles
 d - 3 throwing nets
 e - 7 javelins
 s - 2 atropa-tipped darts
 I - 4 curare-tipped darts
 R - 3 silver boomerangs
 U - 13 boomerangs (quivered)
 W - 4 boomerangs of dispersal
 X - 11 silver javelins
 Z - 18 poisoned darts
Armour
 h - a +0 troll leather armour
 m - a +0 tower shield
 u - a +2 leather armour of fire resistance
 z - a +0 pair of boots (worn)
 C - the +2 cloak of Indomitability (worn) {Rampage Will+}
   (You found it on level 3 of the Dungeon)

   Rampage:   It bestows one free step when moving towards enemies.
   Will:      It increases your willpower.
 E - the +6 scale mail of Sionulie (worn) {Dex+2}
   (You found it on level 2 of the Orcish Mines)

   Dex:       It affects your dexterity (+2).
 G - a +1 tower shield of protection (worn)
 M - a +2 pair of gloves of infusion (worn)
 O - a +3 ring mail of cold resistance
 S - the +0 leather armour of Rumuj {Regen+ Stlth+}
   (You found it in a bailey)

   Regen:     It increases your rate of health regeneration.
   Stlth:     It makes you more stealthy.
Jewellery
 b - a +4 ring of slaying (left hand)
 l - an amulet of reflection (around neck)
 n - the ring "Qeexuim" {Ice Drain Will++ Int+4}
   (You found it in a Gauntlet)

   [ring of ice]

   It enhances your ice magic.
   Int:       It affects your intelligence (+4).
   rF:        It makes you vulnerable to fire.
   rC:        It protects you from cold.
   Drain:     It drains your maximum health when unequipped.
   Will:      It greatly increases your willpower.
 y - a ring of protection from cold
 D - a ring of poison resistance (right hand)
 V - a ring of willpower
Wands
 o - a wand of acid (25)
 t - a wand of digging (3)
 w - a wand of roots (26)
 K - a wand of paralysis (15)
 L - a wand of flame (23)
 N - a wand of polymorph (2)
 T - a wand of mindburst (8)
Scrolls
 i - a scroll of blinking
 k - 3 scrolls of fear
 p - 11 scrolls of teleportation
 r - a scroll of brand weapon
 B - 6 scrolls of identify
 J - a scroll of poison
 Y - a scroll of magic mapping
Potions
 a - 2 potions of cancellation
 c - 7 potions of might
 g - a potion of lignification
 j - a potion of invisibility
 v - 3 potions of flight
 x - 11 potions of curing
 A - a potion of berserk rage
 H - 2 potions of heal wounds
 P - 3 potions of haste
Miscellaneous
 q - a phantom mirror


   Skills:
 - Level 14.0 Fighting
 - Level 14.0 Short Blades
 - Level 8.0 Throwing
 - Level 10.0 Armour
 - Level 10.0 Dodging
 + Level 5.7 Stealth
 - Level 10.0 Shields
 - Level 14.0 Invocations
 - Level 14.0 Evocations


You had 17 spell levels left.
You didn't know any spells.
Your spell library contained the following spells:

 Spells                   Type           Power      Damage    Failure   Level
 Magic Dart               Conj           0%         1d3       100%        1
 Sandblast                Erth           0%         2d4       100%        1
 Passwall                 Tmut/Erth      0%         N/A       100%        2
 Scorch                   Fire           0%         2d5       100%        2
 Searing Ray              Conj           0%         2d4       100%        2
 Ozocubu's Armour         Ice            0%         N/A       100%        3
 Stone Arrow              Conj/Erth      0%         3d7       100%        3
 Flame Wave               Conj/Fire      0%         2d4       100%        4
 Fulminant Prism          Conj/Hex       0%         3d6       100%        4
 Metabolic Englaciation   Hex/Ice        0%         N/A       100%        5
 Summon Forest            Summ/Tloc      0%         N/A       100%        5
 Eringya's Noxious Bog    Tmut/Pois      0%         N/A       100%        6
 Simulacrum               Ice/Necr       0%         N/A       100%        6
 Summon Cactus Giant      Summ           0%         N/A       100%        6
 Summon Hydra             Summ           0%         N/A       100%        7


Dungeon Overview and Level Annotations

Branches:
Dungeon (13/15)            Temple (0/1) D:7            Lair (5/5) D:10
  Swamp (0/4) Lair:3        Snake (4/4) Lair:3        Slime (5/5) Lair:4
    Orc (2/2) D:9             Elf (0/3) Orc:2        Bailey (visited)
Gauntlet (visited)
 Vaults: D:13-14

Altars:
Dithmenos
Hepliaklqana
Makhleb
Nemelex Xobeh
Okawaru
Jiyva

Shops:
D:9 *   Orc:2 [[*(   Snake:3 (?:


Innate Abilities, Weirdness & Mutations

You have a pair of large horns on your head.
You are completely covered in icy blue scales. (AC +4, rC+)
A powerful demonic guardian rushes to your aid.
Your demonic aura sometimes causes spilled blood to erupt in flames.
You are agile. (Dex +4, Str/Int -1)
Your magical capacity is low. (-10% MP)
You are strong-willed. (Will+)
You are resistant to electric shocks. (rElec)
Your spells are a little easier to cast, but a little less powerful.


Message History

You hit the acid blob. You freeze the acid blob. The acid corrodes you!
Your hands burn!
The acid blob is heavily wounded.
The acid blob spits acid at you. The splash of acid hits you!
You hit the acid blob. You freeze the acid blob.
Your hands burn!
The acid blob is heavily wounded.
You hit the acid blob but do no damage.
Your hands burn!
You headbutt the acid blob.
The acid blob is heavily wounded.
You block the acid blob's attack.
You hit the acid blob. You freeze the acid blob.
Your hands burn!
You headbutt the acid blob.
The acid blob is severely wounded.
An acid blob comes into view.
The acid blob spits acid at you.
The splash of acid reflects off an invisible shield around you!
The splash of acid hits the acid blob.
The acid blob completely resists.
You hit the acid blob. You freeze the acid blob. The acid corrodes you!
Your hands burn!
The acid blob is severely wounded.
You hit the acid blob. You freeze the acid blob.
Your hands burn!
You headbutt the acid blob!
The acid blob is almost dead.
The acid blob spits acid at you. The splash of acid hits you!!
The acid blob hits you!!
You are splashed with acid!
Unknown command.
The acid blob spits acid at you. The splash of acid hits you!
* * * LOW HITPOINT WARNING * * *
There is a stone staircase leading up, spattered with blood here.
Unknown command.
The acid blob spits acid at you. The splash of acid hits you!!
* * * LOW HITPOINT WARNING * * *
A demonic guardian appears!
The acid corrodes you! The acid blob spits acid at you.
The splash of acid hits you!!
You die...

...... .......
.......
###.......
###.........
..###...........
................
.......@.2......
........°.......
.........J......
................
................
................
................
...J............
............^..


You could see 2 acid blobs and a friendly hell beast (summoned).

Vanquished Creatures
  Vashnia (Snake:4)
  4 acid blobs
  Agnes (Snake:4)
  5 nagarajas (Snake:4)
  13 rockslimes
  2 azure jellies
  An orc warlord (Orc:1)
  A frost giant (D:12)
  3 quicksilver oozes
  A minotaur (Gauntlet)
  3 great orbs of eyes
  2 salamander tyrants (Snake:4)
  Fannar (Lair:3)
  4 hydras
  14 anacondas
  13 naga warriors
  5 two-headed ogres
  A death yak (Lair:4)
  5 orc high priests
  8 shock serpents
  15 naga sharpshooters
  Sonja (Lair:3)
  Amaemon (Lair:3)
  7 salamander mystics (Snake:4)
  6 naga ritualists
  A glowing orange brain (Slime:2)
  5 lindwurms
  6 orc knights
  16 mana vipers
  A shining eye (Slime:1)
  2 ugly things
  5 orc sorcerers (Orc:2)
  15 salamanders
  21 elephants
  A cyclops (Orc:1)
  9 guardian serpents
  41 black mambas
  13 naga magi
  4 eyes of devastation
  An orange demon (Lair:3)
  2 gargoyles
  10 cane toads
  A torpor snail (Lair:3)
  Maggie (Lair:1)
  4 rime drakes
  10 komodo dragons
  6 trolls
  2 polar bears
  82 slime creatures
  Grinder (D:5)
  2 hornets
  9 blink frogs
  4 dream sheep (Lair:4)
  A vampire (Bailey)
  2 shadows
  Sigmund (D:3)
  A spriggan (Lair:4)
  2 wraiths
  43 yaks
  Eustachio (D:5)
  10 golden eyes
  4 wyverns
  2 basilisks
  Menkaure (D:7)
  2 chaos spawn (Gauntlet)
  3 steam dragons
  A neqoxec (Gauntlet)
  3 wargs
  An acid dragon (D:12)
  34 nagas
  Duvessa (D:4)
  19 water moccasins
  3 swamp worms (D:10)
  An ice beast (D:8)
  39 orc warriors
  A sky beast (D:7)
  4 black bears
  4 centaurs
  6 wolves
  13 ogres
  4 phantoms
  3 kobold brigands
  17 bullfrogs
  A necrophage (D:6)
  4 gnoll sergeants
  4 scorpions
  4 wights (D:7)
  2 troll zombies (D:9)
  Dowan (D:4)
  3 killer bees (D:9)
  An electric eel (Lair:1)
  6 vampire bats (Bailey)
  2 howler monkeys (D:8)
  6 wolf zombies (Bailey)
  7 jellies
  A lava snake (Snake:4)
  9 hounds
  2 gnoll boudas
  29 orc priests
  3 iguanas
  20 orc wizards
  Terence (D:3)
  4 ogre zombies (D:9)
  Robin (D:2)
  24 gnolls
  7 adders
  A shadow imp (D:7)
  3 white imps
  2 ufetubi
  4 dart slugs
  104 orcs
  11 endoplasms
  2 giant cockroaches
  20 goblins
  7 hobgoblins
  6 jackals
  17 kobolds
  2 quokkas
  12 ball pythons
  7 bats
  2 frilled lizards
  4 goblin skeletons (D:9)
  A goblin zombie (D:9)
  2 hobgoblin skeletons (D:9)
  3 hobgoblin zombies (D:9)
  An orc skeleton (D:9)
  24 orc zombies
  5 rats
1002 creatures vanquished.

Vanquished Creatures (collateral kills)
  4 acid blobs
  2 rockslimes
  A naga sharpshooter (Snake:4)
  A salamander (Snake:4)
  A naga mage (Snake:3)
  4 slime creatures
  2 nagas
  2 orc warriors (Orc:1)
  An orc priest (Orc:2)
  An orc (Orc:1)
19 creatures vanquished.

Vanquished Creatures (others)
  A naga warrior (Snake:2)
  An elephant (Lair:4)
  An orc (Orc:2)
  A kobold (D:7)
  37 fungi
  36 plants
77 creatures vanquished.

Grand Total: 1098 creatures vanquished

Notes
Turn   | Place    | Note
-------+----------+-------------------------------------------
     0 | D:1      | Newt the Demonspawn Gladiator began the quest for the Orb.
     0 | D:1      | Reached XP level 1. HP: 16/16 MP: 1/1
    96 | D:1      | Reached skill level 1 in Stealth
   128 | D:1      | Gained mutation: You have a pair of small horns on your
                  | head. [demonic ancestry]
   128 | D:1      | Reached XP level 2. HP: 22/22 MP: 2/2
   607 | D:1      | Gained mutation: You have a pair of horns on your head.
                  | [demonic ancestry]
   607 | D:1      | Reached XP level 3. HP: 28/28 MP: 3/3
  1291 | D:2      | Noticed Robin
  1637 | D:2      | Killed Robin
  1638 | D:2      | Reached XP level 4. HP: 37/37 MP: 4/4
  1779 | D:2      | Found a faded altar of an unknown god.
  2193 | D:3      | Noticed Sigmund
  2199 | D:3      | Killed Sigmund
  2200 | D:3      | Reached XP level 5. HP: 29/42 MP: 5/5
  2200 | D:3      | Gained mutation: Your demonic aura sometimes causes spilled
                  | blood to erupt in flames. [demonic ancestry]
  2200 | D:3      | Reached XP level 6. HP: 33/48 MP: 6/6
  2401 | D:3      | Identified the +2 cloak of Indomitability {Rampage Will+}
  2494 | D:3      | Noticed Terence
  2498 | D:3      | Killed Terence
  2752 | D:4      | Noticed Duvessa
  2766 | D:4      | Noticed Dowan
  2790 | D:4      | Killed Dowan
  2791 | D:4      | Reached skill level 5 in Dodging
  2792 | D:4      | Killed Duvessa
  2793 | D:4      | Gained mutation: You have a pair of large horns on your
                  | head. [demonic ancestry]
  2793 | D:4      | Reached XP level 7. HP: 19/54 MP: 7/7
  2799 | D:4      | Reached skill level 1 in Armour
  3815 | D:5      | Entered Level 5 of the Dungeon
  4027 | D:5      | Reached skill level 5 in Short Blades
  4031 | D:5      | Gained mutation: You are partially covered in icy blue
                  | scales. (AC +2) [demonic ancestry]
  4031 | D:5      | Reached XP level 8. HP: 43/60 MP: 8/8
  4040 | D:5      | HP: 2/60 [ogre/+0 giant spiked club (32)]
  4387 | D:5      | Noticed Eustachio
  4400 | D:5      | Killed Eustachio
  4418 | D:5      | Noticed Grinder
  4420 | D:5      | Paralysed by Grinder for 2 turns
  4438 | D:5      | Killed Grinder
  4940 | D:6      | Reached skill level 1 in Evocations
  5454 | D:6      | Reached XP level 9. HP: 50/65 MP: 9/9
  5566 | D:6      | Found a sparkling altar of Nemelex Xobeh.
  5797 | D:6      | Found a large runed translucent door.
  5797 | D:6      | Found a large runed translucent door.
  6208 | D:6      | Found a burning altar of Makhleb.
  6211 | D:6      | Found a shadowy altar of Dithmenos.
  6217 | D:6      | Became a worshipper of Makhleb the Destroyer
  6244 | D:7      | Found a flagged portal.
  6246 | D:7      | Noticed Menkaure
  6251 | D:7      | Identified the +4 spear of Irritation {flame, +Blink rElec
                  | Will- Stlth+}
  6257 | Bailey   | Entered a bailey
  6258 | Bailey   | Noticed a gargoyle
  6264 | Bailey   | Killed a gargoyle
  6641 | Bailey   | Reached skill level 5 in Armour
  6772 | Bailey   | Reached skill level 5 in Fighting
  6990 | Bailey   | Reached * piety under Makhleb
  7540 | Bailey   | Identified the +0 leather armour of Rumuj {Regen+ Stlth+}
  7720 | D:7      | Killed Menkaure
  7953 | D:7      | Gained mutation: You are mostly covered in icy blue scales.
                  | (AC +3) [demonic ancestry]
  7953 | D:7      | Reached XP level 10. HP: 77/80 MP: 0/10
  8450 | D:7      | Found a staircase to the Ecumenical Temple.
  8906 | D:8      | Reached ** piety under Makhleb
  9910 | D:9      | Reached skill level 10 in Short Blades
 10206 | D:9      | Reached *** piety under Makhleb
 10247 | D:9      | Found a staircase to the Orcish Mines.
 10477 | D:9      | Gained mutation: You have hidden genetic potential. [potion
                  | of mutation]
 10477 | D:9      | Gained mutation: You are resistant to electric shocks.
                  | (rElec) [potion of mutation]
 10819 | D:9      | Noticed a two-headed ogre
 10829 | D:9      | Killed a two-headed ogre
 10830 | D:9      | Gained mutation: You are completely covered in icy blue
                  | scales. (AC +4, rC+) [demonic ancestry]
 10830 | D:9      | Reached XP level 11. HP: 61/86 MP: 3/11
 10934 | D:9      | Found Coloufoto's Hallowed Reliquary.
 10938 | D:9      | Noticed an angel
 10942 | D:9      | Bought a potion of heal wounds for 55 gold pieces
 10942 | D:9      | Bought a potion of heal wounds for 55 gold pieces
 10942 | D:9      | Bought 3 silver javelins for 79 gold pieces
 10942 | D:9      | Bought a potion of heal wounds for 55 gold pieces
 11294 | D:10     | Entered Level 10 of the Dungeon
 11447 | D:10     | Reached **** piety under Makhleb
 11767 | D:10     | Found a staircase to the Lair.
 12076 | D:10     | Identified the +10 quarterstaff "Ycvusat" {flame, rCorr
                  | Int+8}
 12215 | D:10     | Found a hazy altar of Hepliaklqana.
 12255 | D:10     | Found an iron altar of Okawaru.
 12703 | D:11     | Noticed a brown ugly thing
 12729 | D:11     | Killed a brown ugly thing
 13092 | D:11     | You fall into a shaft and drop 1 floor!
 13110 | D:12     | Found a gate leading to a gauntlet.
 13110 | D:12     | Noticed a two-headed ogre
 13124 | D:12     | Killed a two-headed ogre
 13204 | Gauntlet | Entered a Gauntlet
 13204 | Gauntlet | Found a transporter.
 13222 | Gauntlet | Found a transporter.
 13224 | Gauntlet | Found a transporter.
 13226 | Gauntlet | Found a transporter.
 13242 | Gauntlet | Found a transporter.
 13257 | Gauntlet | Found a transporter.
 13261 | Gauntlet | Found a large runed translucent door.
 13261 | Gauntlet | Found a large runed translucent door.
 13261 | Gauntlet | Found a large runed translucent door.
 13261 | Gauntlet | Found a large runed translucent door.
 13262 | Gauntlet | Found a runed translucent door.
 13262 | Gauntlet | Found a large runed translucent door.
 13263 | Gauntlet | Found a transporter.
 13264 | Gauntlet | Found a runed translucent door.
 13265 | Gauntlet | Found a large runed translucent door.
 13265 | Gauntlet | Found a large runed translucent door.
 13265 | Gauntlet | Found a large runed translucent door.
 13266 | Gauntlet | Found a large runed translucent door.
 13267 | Gauntlet | Found a large runed translucent door.
 13272 | Gauntlet | Found a large runed translucent door.
 13272 | Gauntlet | Found a large runed translucent door.
 13273 | Gauntlet | Found a large runed translucent door.
 13273 | Gauntlet | Found a large runed translucent door.
 13273 | Gauntlet | Found a large runed translucent door.
 13273 | Gauntlet | Found a large runed translucent door.
 13276 | Gauntlet | Found a runed translucent gate.
 13276 | Gauntlet | Found a runed translucent gate.
 13276 | Gauntlet | Found a runed translucent gate.
 13276 | Gauntlet | Noticed a dire elephant
 13278 | Gauntlet | Found a transporter.
 13297 | Gauntlet | Found a transporter.
 13299 | Gauntlet | Noticed a great orb of eyes
 13301 | Gauntlet | Noticed a white ugly thing
 13312 | Gauntlet | Found a transporter.
 13317 | Gauntlet | Noticed a wretched star
 13321 | Gauntlet | Found a transporter.
 13330 | Gauntlet | Noticed a wizard
 13331 | Gauntlet | Noticed a wizard
 13333 | Gauntlet | Found a transporter.
 13345 | Gauntlet | Found a transporter.
 13347 | Gauntlet | Noticed a death drake
 13362 | Gauntlet | Found a transporter.
 13379 | Gauntlet | Found a transporter.
 13381 | Gauntlet | Found a transporter.
 13410 | Gauntlet | Found a transporter.
 13412 | Gauntlet | Found a transporter.
 13470 | Gauntlet | Reached skill level 5 in Invocations
 13479 | Gauntlet | Gained mutation: You are strong-willed. (Will+) [hidden
                  | potential]
 13816 | Gauntlet | Killed a white ugly thing
 13830 | Gauntlet | Killed a great orb of eyes
 13949 | Gauntlet | Identified the ring "Qeexuim" {Ice Drain Will++ Int+4}
 13954 | Gauntlet | Identified the +10 scimitar of Osiosef {speed, rCorr Dex+2}
 13970 | Gauntlet | Identified the +9 dire flail "Ajegorr" {freeze, SInv}
 13970 | Gauntlet | Noticed a minotaur
 13981 | Gauntlet | Killed a minotaur
 14156 | D:12     | Reached skill level 10 in Invocations
 14156 | D:12     | Reached skill level 1 in Shields
 14344 | D:12     | Noticed a frost giant
 14346 | D:12     | Killed a frost giant
 14448 | D:12     | Gained mutation: A weak demonic guardian rushes to your
                  | aid. [demonic ancestry]
 14448 | D:12     | Reached XP level 12. HP: 86/92 MP: 13/19
 14667 | D:12     | Noticed a two-headed ogre
 14669 | D:12     | Killed a two-headed ogre
 14831 | Lair:1   | Entered Level 1 of the Lair of Beasts
 14879 | Orc:1    | Entered Level 1 of the Orcish Mines
 14911 | Orc:1    | Reached skill level 5 in Shields
 14988 | Orc:1    | Reached ***** piety under Makhleb
 15203 | Orc:1    | Noticed an orc high priest
 15211 | Orc:1    | Killed an orc high priest
 15234 | Orc:1    | Gained mutation: You are agile. (Dex +4, Str/Int -1)
                  | [hidden potential]
 15234 | Orc:1    | Lost mutation: You have hidden genetic potential. [hidden
                  | potential expressed]
 15756 | Orc:2    | Entered Level 2 of the Orcish Mines
 15812 | Orc:2    | Noticed a two-headed ogre
 15880 | Orc:2    | Killed a two-headed ogre
 15956 | Orc:2    | Noticed a two-headed ogre
 15966 | Orc:2    | Killed a two-headed ogre
 16692 | Orc:2    | Gained mutation: Your magical capacity is low. (-10% MP) [a
                  | neqoxec]
 16953 | Orc:2    | Found Jeugih's General Store.
 17020 | Orc:2    | Bought a scroll of identify for 24 gold pieces
 17020 | Orc:2    | Bought a wand of paralysis (6) for 172 gold pieces
 17020 | Orc:2    | Bought a potion of heal wounds for 60 gold pieces
 17028 | Orc:2    | Found Piemomap's Antique Weapon Shop.
 17439 | Orc:2    | Identified the +6 scale mail of Sionulie {Dex+2}
 17564 | Orc:2    | Found a staircase to the Elven Halls.
 17615 | Orc:2    | Reached XP level 13. HP: 98/98 MP: 16/18
 17616 | Orc:2    | Reached ****** piety under Makhleb
 17654 | Orc:2    | Found Heff's Armour Emporium.
 17858 | Orc:2    | Noticed an orc warlord
 18366 | Orc:1    | Killed an orc warlord
 18774 | Orc:2    | Found Quomaot's Armour Boutique.
 19828 | Lair:1   | Noticed Maggie
 19836 | Lair:1   | Killed Maggie
 20054 | Lair:1   | Reached skill level 10 in Fighting
 20564 | Lair:2   | Reached skill level 5 in Evocations
 21628 | Lair:3   | Noticed Fannar
 21640 | Lair:3   | Killed Fannar
 21650 | Lair:3   | Reached XP level 14. HP: 69/110 MP: 4/19
 22308 | Lair:3   | Gained mutation: A demonic guardian rushes to your aid.
                  | [demonic ancestry]
 22308 | Lair:3   | Reached XP level 15. HP: 70/115 MP: 12/20
 22560 | Lair:3   | Noticed Amaemon
 22572 | Lair:3   | Killed Amaemon
 22664 | Lair:3   | Found a staircase to the Swamp.
 22831 | Lair:3   | Found a staircase to the Snake Pit.
 22873 | Lair:3   | Noticed Sonja
 22882 | Lair:3   | Killed Sonja
 22883 | Lair:3   | Reached skill level 10 in Evocations
 23663 | Lair:4   | Found a viscous altar of Jiyva.
 23664 | Lair:4   | Found a staircase to the Slime Pits.
 24204 | Lair:4   | Reached skill level 5 in Throwing
 24877 | Lair:5   | Entered Level 5 of the Lair of Beasts
 25896 | Snake:1  | Entered Level 1 of the Snake Pit
 26192 | Snake:1  | You fall into a shaft and drop 1 floor!
 27363 | Snake:2  | Gained mutation: A powerful demonic guardian rushes to your
                  | aid. [demonic ancestry]
 27363 | Snake:2  | Reached XP level 16. HP: 99/122 MP: 5/21
 28034 | Snake:3  | Reached skill level 10 in Dodging
 28412 | Snake:3  | Reached skill level 10 in Armour
 28796 | Snake:3  | Found Owaoc's Antique Weapon Boutique.
 28798 | Snake:3  | Found Ileitz's Magic Scroll Shop.
 28800 | Snake:3  | Found Ystru's Book Boutique.
 28896 | Snake:3  | Bought a scroll of magic mapping for 90 gold pieces
 29114 | Snake:4  | Entered Level 4 of the Snake Pit
 29114 | Snake:4  | Noticed Vashnia
 29147 | Snake:4  | Killed Vashnia
 29408 | Snake:4  | Reached skill level 10 in Shields
 29675 | Snake:4  | Noticed Agnes
 29691 | Snake:4  | Killed Agnes
 30173 | Snake:4  | HP: 6/126 [salamander/+0 glaive (7)]
 31986 | Snake:4  | Reached XP level 17. HP: 70/137 MP: 0/22
 33028 | Snake:4  | Got a serpentine rune of Zot
 34555 | Slime:1  | Entered Level 1 of the Pits of Slime
 36024 | Slime:1  | Gained mutation: Your spells are a little easier to cast,
                  | but a little less powerful. [a shining eye]
 39412 | Slime:2  | Noticed an acid blob
 39871 | Slime:2  | Killed an acid blob
 41966 | Slime:3  | Noticed an acid blob
 41977 | Slime:3  | Killed an acid blob
 41978 | Slime:3  | Reached XP level 18. HP: 120/146 MP: 7/24
 44939 | Slime:4  | Reached skill level 5 in Stealth
 45728 | Slime:5  | Entered Level 5 of the Pits of Slime
 46366 | Slime:5  | HP: 5/146 [acid blob/splash of acid (31)]
 46366 | Slime:5  | Killed from afar by an acid blob

Illustrated notes

Levels and vault maps discovered:
D:1:      matt_arrival_debris, layout_basic, minmay_hexomino_f4
D:2:      layout_basic, hellmonk_ecumenical_altar_inner_sanctum,
          grunt_ministairs_14, uniq_robin
D:3:      layout_rooms, palyth_stone_intersect, uniq_terence, uniq_sigmund
D:4:      layout_basic, uniq_duvessa
D:5:      layout_gridville, uniq_eustachio, uniq_grinder
D:6:      layout_basic, amcnicky_altar_gilded, jmf_multi_god_temple2,
          nrook_mini_vaults
D:7:      minmay_inner_zag, layout_basic, minmay_temple_entry_stoned_glass,
          enter_bailey_2, uniq_menkaure
D:8:      layout_cave_pools, serial_gnoll_camp, gnoll_camp_mini_hut,
          gnoll_camp_mini_hut, gnoll_camp_mini_house, gnoll_camp_mini_doghouse,
          chequers_mini_garden
D:9:      layout_irregular_city, zombieorc1_lemuel, nicolae_good_shop
D:10:     layout_basic, mainiacjoe_overflow_two_lobes, lair_entry_dummy,
          worms_lemuel
D:11:     layout_irregular_city
D:12:     layout_basic, gauntlet_entry_generic, kennysheep_just_a_vault
D:13:     layout_basic, minmay_misc_feat_doors
Lair:1:   layout_loops_ring, amcnicky_mini_pool_medium, grunt_megastairs_5,
          uniq_maggie
Lair:2:   layout_roguey, guppyfry_lair_drakes
Lair:3:   layout_roguey, swamp_mist, guppyfry_snake_entry_garden,
          beast_lair_carwin_2, grunt_megastairs_3, uniq_sonja, uniq_amaemon,
          uniq_fannar
Lair:4:   layout_roguey, nicolae_slime_entry_slimehenge,
          grunt_forest_large_clearing_hut
Lair:5:   wormcave, layout_misc_corridors, nicolae_lair_grove_arrangements,
          lemuel_fruit_fields
Snake:1:  layout_basic, drop_trap
Snake:2:  layout_basic, nicolae_triple_integral
Snake:3:  layout_misc_corridors, minmay_shop_star
Snake:4:  snake_pit_salamanders_mu, layout_chambers,
          nicolae_snake_salamander_fort, uniq_vashnia, uniq_agnes
Slime:1:  layout_caves
Slime:2:  layout_caves, nicolae_slime_welcoming_committee
Slime:3:  layout_caves
Slime:4:  layout_caves
Slime:5
Orc:1:    layout_caves, nicolae_orc_damp_corner
Orc:2:    pubby_orc_utopia

Skill      XL: |  1  2  3  4  5  6  7  8  9 10 11 12 13 14 15 16 17 18 |
---------------+-------------------------------------------------------+-----
Stealth        | 1 2 5 |  5.7
Fighting       | 3 4 7 8 10 13 14 | 14.0
Short Blades   | 4 5 8 11 12 13 14 | 14.0
Dodging        | 3 5 8 9 10 | 10.0
Throwing       | 3 8 |  8.0
Armour         | 3 5 8 10 | 10.0
Evocations     | 3 4 8 9 10 14 | 14.0
Invocations    | 10 12 14 | 14.0
Shields        | 3 8 10 | 10.0

Action                   |  1- 3 |  4- 6 |  7- 9 | 10-12 | 13-15 | 16-18 || total
-------------------------+-------+-------+-------+-------+-------+-------++-------
Melee: Rapier            |    26 |       |       |       |       |       ||    26
       Dagger            |     5 |    73 |   434 |       |       |       ||   512
       Headbutt          |     4 |    12 |   118 |   234 |   275 |   564 ||  1207
       Punch             |     1 |     3 |     6 |     8 |       |       ||    18
       Quick blade       |       |       |    58 |   931 |   892 |  1421 ||  3302
 Fire: Sling             |   106 |       |       |       |       |       ||   106
Throw: Throwing net      |     1 |       |     1 |     1 |       |     2 ||     5
       Dart              |       |     1 |       |     6 |       |     1 ||     8
       Javelin           |       |       |     4 |       |       |    19 ||    23
       Boomerang         |       |       |       |       |    44 |   104 ||   148
Invok: Lesser Servant of |       |       |       |     1 |       |     1 ||     2
Evoke: Wand              |       |       |     3 |       |     2 |     1 ||     6
       Phantom mirror    |       |       |       |       |     1 |       ||     1
  Use: Scroll            |       |     2 |     7 |    11 |     7 |     4 ||    31
       Potion            |       |     2 |     2 |     4 |     4 |     6 ||    18
 Stab: Sleeping          |       |     5 |     6 |    24 |     2 |     8 ||    45
       Distracted        |       |       |       |     4 |     1 |     6 ||    11
       Invisible         |       |       |       |     4 |       |       ||     4
       Held in net/web   |       |       |       |       |       |     1 ||     1
Armor: Leather armour    |    23 |     9 |    80 |    70 |    13 |    97 ||   292
       Ring mail         |       |       |    33 |       |       |       ||    33
       Troll leather arm |       |       |       |    53 |       |       ||    53
       Scale mail        |       |       |       |       |   139 |    83 ||   222
       Skin              |       |       |       |       |     1 |       ||     1
Dodge: Dodged            |    59 |    30 |   212 |   166 |   131 |   241 ||   839
Block: Other             |    10 |    12 |    89 |    38 |       |       ||   149
       Reflection        |       |       |     1 |     7 |    27 |    93 ||   128
       Tower shield      |       |       |       |   262 |   699 |  1023 ||  1984

Table legend: (Time is in decaauts)
 A = Elapsed time spent in this place.
 B = Non-inter-level travel time spent in this place.
 C = Inter-level travel time spent in this place.
 D = Time resting spent in this place.
 E = Time spent auto-exploring this place.
 F = Levels seen in this place.
 G = Mean time per level.
                   A        B        C        D        E       F      G
               +--------+--------+--------+--------+--------+-----+--------+
         Total |  44769 |  43574 |   1195 |  15768 |  21271 |  31 | 1444.2 |
       Dungeon |  12212 |  11631 |    581 |   1632 |   8394 |  13 |  939.4 |
          Lair |   6665 |   6476 |    189 |    878 |   4738 |   5 | 1333.0 |
     Snake Pit |   8276 |   8054 |    222 |   2843 |   3666 |   4 | 2069.0 |
    Slime Pits |  11187 |  11084 |    103 |   8862 |   1140 |   5 | 2237.4 |
  Orcish Mines |   4316 |   4218 |     98 |    768 |   2737 |   2 | 2158.0 |
        Bailey |   1276 |   1276 |      0 |    500 |    509 |   1 | 1276.0 |
      Gauntlet |    835 |    835 |      0 |    285 |     86 |   1 |  835.0 |
               +--------+--------+--------+--------+--------+-----+--------+

Top non-repeatable levels by time:
 Slime:1: 4602 daAuts
 Snake:4: 3937 daAuts
   Orc:2: 3116 daAuts
 Slime:4: 2360 daAuts
  Lair:4: 2258 daAuts
 Slime:2: 2238 daAuts
 Slime:3: 1959 daAuts
  Lair:3: 1553 daAuts
 Snake:2: 1504 daAuts
 Snake:1: 1497 daAuts
     D:6: 1416 daAuts
 Snake:3: 1336 daAuts
     D:9: 1321 daAuts
    D:10: 1319 daAuts
  Bailey: 1276 daAuts
